 Dungeon Crawl Stone Soup version 0.27-a0-988-g25969acef8 (webtiles) character file.

Game seed: 5377501796818919865

1 stormannn the Sneak (level 1, -1/20 HPs)
             Began as a Djinni Delver on Apr 15, 2021.
             Slain by a bullfrog (3 damage)
             ... on level 4 of the Dungeon.
             The game lasted 00:01:21 (136 turns).

stormannn the Sneak (Djinni Delver)                  Turns: 136, Time: 00:01:22

Health: -1/20      AC:  3    Str: 11    XL:     1   Next: 20%
Gold:   0          EV: 12    Int: 11    God:
                   SH:  0    Dex: 14

rFire    + + .     SeeInvis .   a - +0 spear
rCold    x . .     Faith    .   (no shield)
rNeg     . . .     Spirit   .   b - +0 leather armour
rPois    ∞         Reflect  .   (no helmet)
rElec    .         Harm     .   (no cloak)
rCorr    .         Rampage  .   (no gloves)
Will     .....                  (boots unavailable)
Stlth    ++........             (no amulet)
HPRegen  0.06/turn              (no ring)
MPRegen  0.00/turn              (no ring)

@: flying, hasted, very quick
A: fire resistance 2, cold vulnerability 1, float, innate caster, hp casting,
extra vitality 1
a: no special abilities


You were on level 4 of the Dungeon.
You visited 1 branch of the dungeon, and saw 2 of its levels.

Inventory:

Hand Weapons
 a - a +0 spear (weapon)
Armour
 b - a +0 leather armour (worn)
Wands
 g - a wand of digging (3)
Scrolls
 c - a scroll of fog
 d - a scroll of magic mapping
 e - a scroll of fear
Potions
 h - 4 potions of heal wounds {unknown}
 i - a potion of magic {unknown}


   Skills:
 + Level 3.0 Fighting
 * Level 1.6 Polearms
 + Level 2.2 Dodging
 - Level 4.1 Stealth
 * Level 0.0 Spellcasting


You couldn't memorise any spells.
You didn't know any spells.
Your spell library was empty.

Dungeon Overview and Level Annotations

Branches:
Dungeon (5/15)
 Temple: D:4-7

Altars:


Innate Abilities, Weirdness & Mutations

You are immune to poison.
Your flesh is very heat resistant. (rF++)
You are vulnerable to cold. (rC-)
You float through the air rather than walking.
You learn spells naturally, not from books.
Your magical power is your life essence.
You have superior vitality. (+4 HP)


Message History

A kobold comes into view. It is wielding a +0 dagger.
The kobold shouts!
You don't know any spells.
You reach to attack!
You closely miss the kobold. You hit the kobold but do no damage.
The kobold hits you with a +0 dagger.
You hit the kobold.
The kobold is severely wounded.
The kobold hits you with a +0 dagger.
You hit the kobold.
You kill the kobold!
No target in view!
You see here a +0 dagger.
A bullfrog comes into view.
Found 13 arrows.
The bullfrog gives a loud, deep croak!
You reach to attack!
You barely miss the bullfrog. The bullfrog barely misses you.
You hit the bullfrog.
The bullfrog is moderately wounded.
The bullfrog hits you. The bullfrog closely misses you.
You hit the bullfrog.
The bullfrog is moderately wounded.
The bullfrog barely misses you. The bullfrog hits you.
You are too injured to fight recklessly!
You are too injured to fight recklessly!
You are too injured to fight recklessly!
You closely miss the bullfrog.
The bullfrog is moderately wounded.
The bullfrog hits you!
* * * LOW HITPOINT WARNING * * *
The bullfrog hits you.
* * * LOW HITPOINT WARNING * * *
You feel yourself speed up. The bullfrog barely misses you.
You see here a +0 dagger.
The bullfrog snags a nearby spider with its tongue.
There is a stone staircase leading down here.
The bullfrog hits you.
You die...

# #...... ## #.###.#
.### ##.#...# ...######
###...>### ##..)...#
#...#.## ######.##
####.###.# #..#######
###....###.#
##.......####..........#
#######.F@.....########
##...#.### #.#....#
#.###..# #.# #...# #..
#.#o.. #.. ..#### ..#
.##


You could see a bullfrog and an orc (asleep).

Vanquished Creatures
  A kobold (D:4)
1 creature vanquished.

Notes
Turn   | Place    | Note
-------+----------+-------------------------------------------
     0 | D:5      | stormannn the Djinni Delver began the quest for the Orb.
     0 | D:5      | Reached XP level 1. HP: 20/20 MP: 0/0
    13 | D:5      | Noticed an ogre
   108 | D:4      | Noticed a bullfrog
   136 | D:4      | Slain by a bullfrog

Illustrated notes

Levels and vault maps discovered:
D:4:      layout_rooms, temple_statues, serial_shops, nicolae_shop_behind_doors,
          kennysheep_generic_room_5
D:5:      layout_cave_pools, vehumet_statue, serial_bayou_pond_a,
          grunt_ministairs_6, hangedman_decor_growths

Action                   || total
-------------------------++-------
Melee: Spear             ||     8
  Use: Potion            ||     1
Dodge: Dodged            ||     4

Table legend: (Time is in decaauts)
 A = Elapsed time spent in this place.
 B = Non-inter-level travel time spent in this place.
 C = Inter-level travel time spent in this place.
 D = Time resting spent in this place.
 E = Time spent auto-exploring this place.
 F = Levels seen in this place.
 G = Mean time per level.
                   A        B        C        D        E       F      G
               +--------+--------+--------+--------+--------+-----+--------+
         Total |    131 |     99 |     32 |      0 |     30 |   2 |   65.5 |
       Dungeon |    131 |     99 |     32 |      0 |     30 |   2 |   65.5 |
               +--------+--------+--------+--------+--------+-----+--------+

Top non-repeatable levels by time:
     D:4: 106 daAuts
     D:5: 25 daAuts
